 Dungeon Crawl Stone Soup version 0.29-a0-283-ga02f740833 (webtiles) character file.

Game seed: 13061359590386736177

686 PaleWalker the Cutter (level 7, -4/53 HPs)
             Began as a Gnoll Wanderer on Mar 13, 2022.
             Was a Believer of Qazlal.
             Shot themself with a blast of ice (21 damage)
             ... on level 5 of the Dungeon.
             The game lasted 00:09:12 (3507 turns).

PaleWalker the Cutter (Gnoll Wanderer)              Turns: 3507, Time: 00:09:12

Health: -4/53      AC: -3    Str: 10    XL:     7   Next: 62%
Magic:  7/10       EV: 14    Int: 10    God:    Qazlal [**....]
Gold:   251        SH:  9    Dex: 16    Spells: 11/11 levels left

rFire   . . .      SeeInvis .   C - +3 spear (vorpal)
rCold   . . .      Faith    .   c - +0 buckler
rNeg    . . .      Spirit   .   o - +0 ring mail
rPois   .          Reflect  .   a - +0 helmet
rElec   .          Harm     +   r - scarf {harm}
rCorr   .          Rampage  .   (no gloves)
Will    .....                   j - +0 pair of boots
Stlth   +.........              m - amulet of regeneration
HPRegen 0.97/turn               t - ring of flight
MPRegen 0.12/turn               u - +4 ring of evasion

@: corroded, flying
A: fangs 1, strong nose, distributed training
a: Renounce Religion, Upheaval


You were on level 5 of the Dungeon.
You worshipped Qazlal.
Qazlal was pleased with you.
You visited 1 branch of the dungeon, and saw 5 of its levels.
You also visited: Sewer.

You collected 251 gold pieces.

Inventory:

Hand Weapons
 C - a +3 vorpal spear (weapon)
Missiles
 y - a curare-tipped dart (quivered)
 D - 2 datura-tipped darts
Armour
 a - a +0 helmet (worn)
 c - a +0 buckler (worn)
 e - a +0 leather armour
 j - a +0 pair of boots (worn)
 o - a +0 ring mail (worn)
 r - a scarf of harm (worn)
Jewellery
 b - an amulet of faith
 m - an amulet of regeneration (around neck)
 t - a ring of flight (left hand)
 u - a +4 ring of evasion (right hand)
Scrolls
 d - 3 scrolls of teleportation
 h - a scroll of silence {unknown}
 i - 3 scrolls of vulnerability {unknown}
 l - 10 scrolls of identify {unknown}
 n - a scroll of noise {unknown}
 s - a scroll of amnesia {unknown}
 v - a scroll of summoning {unknown}
 w - a scroll of enchant weapon {unknown}
 x - a scroll of fog {unknown}
 B - a scroll of blinking {unknown}
Potions
 f - 4 potions of curing
 g - 4 potions of might {unknown}
 k - a potion of brilliance {unknown}
 p - 3 potions of heal wounds {unknown}
 q - a potion of haste {unknown}
 z - a potion of mutation {unknown}
 A - 2 potions of flight


   Skills:
 + Level 3.7 Fighting
 + Level 7.1 Short Blades
 + Level 3.7 Long Blades
 + Level 2.6 Axes
 + Level 2.6 Maces & Flails
 + Level 2.6 Polearms
 + Level 2.6 Staves
 + Level 2.6 Slings
 + Level 2.6 Bows
 + Level 2.6 Crossbows
 + Level 2.6 Throwing
 + Level 5.3 Armour
 + Level 2.6 Dodging
 + Level 2.6 Stealth
 + Level 5.3 Shields
 + Level 2.6 Unarmed Combat
 + Level 2.6 Spellcasting
 + Level 2.1 Conjurations
 + Level 2.1 Hexes
 + Level 2.1 Summonings
 + Level 2.1 Necromancy
 + Level 2.1 Translocations
 + Level 2.1 Transmutations
 + Level 2.1 Fire Magic
 + Level 2.1 Ice Magic
 + Level 2.1 Air Magic
 + Level 2.1 Earth Magic
 + Level 2.1 Poison Magic
 + Level 2.9 Invocations
 + Level 3.7 Evocations


You had 11 spell levels left.
You didn't know any spells.
Your spell library contained the following spells:

 Spells                   Type           Power      Damage    Failure   Level
 Shock                    Conj/Air       20%        1d4       36%         1
 Conjure Flame            Conj/Fire      5%         6-21      73%         3
 Gell's Gravitas          Tloc           5%         N/A       73%         3
 Ignite Poison            Fire/Tmut/Pois 5%         N/A       73%         3
 Lesser Beckoning         Tloc           5%         N/A       73%         3
 Ozocubu's Armour         Ice            5%         N/A       73%         3
 Swiftness                Air            5%         N/A       73%         3
 Teleport Other           Tloc           5%         N/A       73%         3
 Airstrike                Air            2%         N/A       98%         4
 Sticky Flame             Conj/Fire      5%         2d3       98%         4
 Metabolic Englaciation   Hex/Ice        2%         N/A       100%        5
 Dispersal                Tloc           2%         N/A       100%        6
 Simulacrum               Ice/Necr       2%         N/A       100%        6


Dungeon Overview and Level Annotations

Branches:
Dungeon (5/15)              Sewer (visited)
 Temple: D:4-7

Altars:
Gozag
Makhleb
Qazlal
Trog

Shops:
D:2 [

Annotations:
D:5 1 transporter, IdlyInterested's ghost, amateur DsGl


Innate Abilities, Weirdness & Mutations

You have very sharp teeth.
Your uncanny sense of smell can sniff out nearby items.
Your experience applies equally to all skills.


Message History

You hit the jelly.
Your hands burn!
The jelly is severely wounded.
You block the jelly's attack.
You hit the jelly but do no damage.
Your hands burn!
The jelly is severely wounded.
You block the jelly's attack.
You hit the jelly but do no damage.
Your hands burn!
You bite the jelly, but do no damage.
The jelly is severely wounded.
You block the jelly's attack.
You hit the jelly but do no damage. The acid corrodes you!
Your hands burn!
The jelly is severely wounded.
The jelly hits you.
You are splashed with acid!
You are too injured to fight recklessly!
The jelly attacks as you move away! The jelly hits you. The acid corrodes you!
You are splashed with acid.
* * * LOW HITPOINT WARNING * * *
Okay, then.
Throw: dart (curare)
Press: ? - help, Q - select action, (/) - cycle Shift-Dir - straight line, f/p - jelly
Aim: a jelly (severely wounded, 90% to hit)
Okay, then.
Throw: dart (curare)
Press: ? - help, Q - select action, (/) - cycle Shift-Dir - straight line, f/p - jelly
Aim: a jelly (severely wounded, 90% to hit)
Okay, then.
Aiming: Upheaval
Press: ? - help, Dir - move target, p - jelly The ground shakes violently, spewing rubble!
You block the jelly's attack.
Aiming: Upheaval
Press: ? - help, Dir - move target, f - jelly
Aim: a jelly (severely wounded) That beam is likely to hit you.
Continue anyway?
A blizzard blasts the area with ice!
The blast of ice hits the jelly!
You kill the jelly!
Qazlal accepts your kill. The blast of ice hits you!!
You die...

# ........# #.......
.......###.......
.......##...)...
##...........†.<.
##.....##.#.......
###....# #.........
##.....######.....###
## ##
###...○......##.###.#
.#
##.###.....@§......#.
#.# .
##...#..............#
#.+
##.........#.........#
##
..........##.#########
......>..##### ##8## #
#........## ##8...8
##..........# ####.....
##..........###.#>.....
.#...........##.##.....


There were no monsters in sight!

Vanquished Creatures
  A phantom (D:5)
  2 kobold brigands (Sewer)
  2 scorpions
  A jelly (D:5)
  A howler monkey (D:4)
  An orc priest (D:3)
  2 iguanas
  2 orc wizards
  7 adders
  3 gnolls
  A river rat (Sewer)
  A worm (D:4)
  2 dart slugs
  14 orcs
  2 ball pythons
  2 endoplasms
  A giant cockroach (D:4)
  6 goblins
  A hobgoblin (D:4)
  8 jackals
  5 quokkas
  2 bats
  5 frilled lizards
  7 kobolds
  9 rats
88 creatures vanquished.

Notes
Turn   | Place    | Note
-------+----------+-------------------------------------------
     0 | D:1      | PaleWalker the Gnoll Wanderer began the quest for the Orb.
     0 | D:1      | PaleWalker set off with the following items: a +2 short
                  | sword, a +0 falchion, a +0 buckler, a scroll of
                  | teleportation, a +0 leather armour
     0 | D:1      | Reached XP level 1. HP: 17/17 MP: 1/1
   375 | D:1      | Reached XP level 2. HP: 23/23 MP: 2/2
   819 | D:2      | Found Tonnej's Antique Armour Shoppe.
   885 | D:2      | Reached XP level 3. HP: 28/28 MP: 2/4
   952 | D:2      | Reached skill level 1 in Invocations
  1097 | D:2      | Found a faded altar of an unknown god.
  1103 | D:2      | Prayed at the altar of an unknown god.
  1103 | D:2      | Became a worshipper of Qazlal Stormbringer
  1103 | D:2      | Reached * piety under Qazlal
  1406 | D:3      | Reached skill level 1 in Axes
  1406 | D:3      | Reached skill level 1 in Maces & Flails
  1406 | D:3      | Reached skill level 1 in Polearms
  1406 | D:3      | Reached skill level 1 in Staves
  1406 | D:3      | Reached skill level 1 in Slings
  1406 | D:3      | Reached skill level 1 in Bows
  1406 | D:3      | Reached skill level 1 in Crossbows
  1406 | D:3      | Reached skill level 1 in Throwing
  1406 | D:3      | Reached skill level 1 in Dodging
  1406 | D:3      | Reached skill level 1 in Stealth
  1406 | D:3      | Reached skill level 1 in Unarmed Combat
  1406 | D:3      | Reached skill level 1 in Spellcasting
  1406 | D:3      | Reached XP level 4. HP: 34/34 MP: 5/5
  1521 | D:3      | Reached skill level 1 in Conjurations
  1521 | D:3      | Reached skill level 1 in Hexes
  1521 | D:3      | Reached skill level 1 in Summonings
  1521 | D:3      | Reached skill level 1 in Necromancy
  1521 | D:3      | Reached skill level 1 in Translocations
  1521 | D:3      | Reached skill level 1 in Transmutations
  1521 | D:3      | Reached skill level 1 in Fire Magic
  1521 | D:3      | Reached skill level 1 in Ice Magic
  1521 | D:3      | Reached skill level 1 in Air Magic
  1521 | D:3      | Reached skill level 1 in Earth Magic
  1521 | D:3      | Reached skill level 1 in Poison Magic
  1642 | D:3      | Found a burning altar of Makhleb.
  1988 | D:3      | Reached XP level 5. HP: 32/40 MP: 5/7
  2130 | D:3      | Found an opulent altar of Gozag.
  2404 | D:4      | Noticed an ogre
  2429 | D:3      | Reached ** piety under Qazlal
  2540 | D:4      | Found a glowing drain.
  2561 | Sewer    | Entered a sewer
  2636 | Sewer    | Noticed a kobold brigand
  2637 | Sewer    | Noticed a kobold brigand
  2650 | Sewer    | Killed a kobold brigand
  2651 | Sewer    | Reached XP level 6. HP: 40/47 MP: 4/8
  2669 | Sewer    | Reached skill level 5 in Armour
  2669 | Sewer    | Reached skill level 5 in Shields
  2709 | Sewer    | Found a white marble altar of Elyvilon.
  3095 | D:4      | Reached skill level 7 in Short Blades
  3095 | D:4      | Reached XP level 7. HP: 41/52 MP: 10/10
  3202 | D:5      | Entered Level 5 of the Dungeon
  3281 | D:5      | Found a transporter.
  3286 | D:5      | Noticed IdlyInterested's ghost (amateur DsGl)
  3397 | D:5      | Found a bloodstained altar of Trog.
  3507 | D:5      | Shot themself with a blast of ice

Illustrated notes

Levels and vault maps discovered:
D:1:      dpeg_arrival_long_road, layout_loops_ring
D:2:      layout_rooms, serial_shops, shop,
          dreamdust_ecumenical_altar_angels_and_demons, minmay_cupped
D:3:      layout_basic, mainiacjoe_overflow_catwalk,
          mainiacjoe_overflow_alcove_1
D:4:      layout_gridville, cheibrodos_sewer_entry_bend
D:5:      layout_cave_pods, overflow_temple_1_default,
          nicolae_overflow_hidden_temple, minmay_temple_entry_glassed_door,
          gammafunk_ghost_stat_death, chequers_arboretum

Skill      XL: |  1  2  3  4  5  6  7 |
---------------+----------------------+-----
Invocations    | 1 2 |  2.9
Axes           | 1 2 |  2.6
Maces & Flails | 1 2 |  2.6
Polearms       | 1 2 |  2.6
Staves         | 1 2 |  2.6
Slings         | 1 2 |  2.6
Bows           | 1 2 |  2.6
Crossbows      | 1 2 |  2.6
Throwing       | 1 2 |  2.6
Dodging        | 1 2 |  2.6
Stealth        | 1 2 |  2.6
Unarmed Combat | 1 2 |  2.6
Spellcasting   | 1 2 |  2.6
Conjurations   | 1 2 |  2.1
Hexes          | 1 2 |  2.1
Summonings     | 1 2 |  2.1
Necromancy     | 1 2 |  2.1
Translocations | 1 2 |  2.1
Transmutations | 1 2 |  2.1
Fire Magic     | 1 2 |  2.1
Ice Magic      | 1 2 |  2.1
Air Magic      | 1 2 |  2.1
Earth Magic    | 1 2 |  2.1
Poison Magic   | 1 2 |  2.1
Fighting       | 3 |  3.7
Long Blades    | 3 |  3.7
Evocations     | 3 |  3.7
Armour         | 5 |  5.3
Shields        | 5 |  5.3
Short Blades   | 7 |  7.1

Action                   |  1- 3 |  4- 6 |  7- 9 || total
-------------------------+-------+-------+-------++-------
Melee: Short sword       |    84 |   187 |     4 ||   275
       Bite              |     8 |    19 |     7 ||    34
       Spear             |       |       |    58 ||    58
Invok: Upheaval          |       |     1 |     1 ||     2
  Use: Potion            |       |       |     1 ||     1
 Stab: Sleeping          |     1 |       |       ||     1
Armor: Leather armour    |    11 |       |       ||    11
       Ring mail         |    15 |    35 |    13 ||    63
Dodge: Dodged            |    22 |    66 |    31 ||   119
Block: Buckler           |    13 |    44 |    31 ||    88

Table legend: (Time is in decaauts)
 A = Elapsed time spent in this place.
 B = Non-inter-level travel time spent in this place.
 C = Inter-level travel time spent in this place.
 D = Time resting spent in this place.
 E = Time spent auto-exploring this place.
 F = Levels seen in this place.
 G = Mean time per level.
                   A        B        C        D        E       F      G
               +--------+--------+--------+--------+--------+-----+--------+
         Total |   3452 |   3289 |    163 |    119 |   2373 |   6 |  575.3 |
       Dungeon |   3261 |   3098 |    163 |    119 |   2286 |   5 |  652.2 |
         Sewer |    190 |    190 |      0 |      0 |     87 |   1 |  190.0 |
               +--------+--------+--------+--------+--------+-----+--------+

Top non-repeatable levels by time:
     D:3: 792 daAuts
     D:2: 770 daAuts
     D:1: 749 daAuts
     D:4: 659 daAuts
     D:5: 290 daAuts
   Sewer: 190 daAuts
